FSL
CHARLOTTE STONE CRABS @ BRADENTON MARAUDERS
07/09/2098
 
TOP OF THE 1ST
Charlotte Stone Crabs batting - Pitching for Bradenton Marauders : RHP Joe O'Connor
Pitching: RHP Joe O'Connor
Batting: LHB Ryan Gutierrez 0-0: Ball
1-0: Foul Ball, location: 2F
1-1: Ball
2-1: Foul Ball, location: 2F
2-2: Foul Ball, location: 2F
2-2: Fly out, F8 (Line Drive, 8LM, EV 97.5 MPH)
Batting: RHB Mike Woods 0-0: Ball
1-0: Ball
2-0: Ball
3-0: Called Strike
3-1: Called Strike
3-2: Foul Ball, location: 5F
3-2: Foul Ball, location: 2F
3-2: SINGLE (Flyball, 4MD, EV 92.5 MPH)
Batting: LHB Matt Flagg 0-0: Called Strike
0-1: 2-RUN HOME RUN (Line Drive, 9LD, EV 95.0 MPH), Distance : 362 ft
Batting: RHB Jeff Rock 0-0: Foul Ball, location: 9LDF
0-1: Ball
1-1: Called Strike
1-2: SINGLE (Line Drive, 8RS, EV 97.5 MPH)
Batting: LHB Paul Haynes 0-0: Ball
1-0: Foul Ball, location: 2F
1-1: Called Strike
1-2: Ball
2-2: Fielders Choice at 2nd, 3-6 (Groundball, 3S, EV 85.6 MPH)
Batting: LHB Ivan Santana 0-0: Foul Ball, location: 2F
0-1: Ball
1-1: Swinging Strike
1-2: Ball
2-2: Foul Ball, location: 3FF
2-2: Foul Ball, location: 2F
2-2: Ball
3-2: Base on Balls
Paul Haynes to second
Batting: RHB Andy Pyszka 0-0: Ball
1-0: TRIPLE (Flyball, 78XD, EV 110.6 MPH)
Paul Haynes scores
Ivan Santana scores
Batting: RHB Zach Frederick 0-0: Fly out, F8 (Flyball, 8LXD, EV 103.8 MPH)
Top of the 1st over - 4 runs, 4 hits, 0 errors, 1 left on base; Charlotte 4 - Bradenton 0
BOTTOM OF THE 1ST
Bradenton Marauders batting - Pitching for Charlotte Stone Crabs : RHP Andy Losinski
Pitching: RHP Andy Losinski
Batting: SHB Tom Marks 0-0: Foul Ball, location: 5FF
0-1: Called Strike
0-2: Ball
1-2: Strikes out swinging
Batting: RHB Alex Cabrera 0-0: Called Strike
0-1: Swinging Strike
0-2: Ball
1-2: Ball
2-2: Strikes out swinging
Batting: RHB Justin Anselmi 0-0: Swinging Strike
0-1: Ball
1-1: Swinging Strike
1-2: Ball
2-2: Strikes out swinging
Bottom of the 1st over - 0 runs, 0 hits, 0 errors, 0 left on base; Charlotte 4 - Bradenton 0
TOP OF THE 2ND
Charlotte Stone Crabs batting - Pitching for Bradenton Marauders : RHP Joe O'Connor
Batting: RHB Juan Parga 0-0: Called Strike
0-1: Ball
1-1: Ball
2-1: Ball
3-1: Base on Balls
Batting: LHB Ryan Gutierrez 0-0: Foul Ball, location: 2RF
0-1: SINGLE (Groundball, 4MD, EV 109.4 MPH)
Juan Parga to second
Batting: RHB Mike Woods 0-0: Foul Ball, location: 9LSF
0-1: Foul Ball, location: 23F
0-2: Ball
1-2: Ball
2-2: Fly out, F3 (Line Drive, 3L, EV 68.1 MPH)
Lined into DP, U3 (Line Drive, 3L, EV 68.1 MPH)
Batting: LHB Matt Flagg 0-0: Ball
1-0: Ball
2-0: Foul Ball, location: 5FF
2-1: Fly out, F8 (Line Drive, 8LM, EV 94.4 MPH)
Top of the 2nd over - 0 runs, 1 hit, 0 errors, 1 left on base; Charlotte 4 - Bradenton 0
BOTTOM OF THE 2ND
Bradenton Marauders batting - Pitching for Charlotte Stone Crabs : RHP Andy Losinski
Batting: RHB Mike Clinton 0-0: Ball
1-0: Foul Ball, location: 23F
1-1: Ball
2-1: Ball
3-1: Foul Ball, location: 25F
3-2: SINGLE (Groundball, 4MD, EV 97.5 MPH)
Batting: RHB John Sexton 0-0: Called Strike
0-1: Ball
1-1: Foul Ball, location: 2F
1-2: Ball
2-2: Strikes out swinging
Batting: RHB Matt Stuart 0-0: Ball
1-0: Grounds into double play, 5-4-3 (Groundball, 5L, EV 80.0 MPH)
Bottom of the 2nd over - 0 runs, 1 hit, 0 errors, 0 left on base; Charlotte 4 - Bradenton 0
TOP OF THE 3RD
Charlotte Stone Crabs batting - Pitching for Bradenton Marauders : RHP Joe O'Connor
Batting: RHB Jeff Rock 0-0: Ball
1-0: SOLO HOME RUN (Flyball, 9D, EV 98.8 MPH), Distance : 386 ft
Pitching: RHP Manny Rangel
Batting: LHB Paul Haynes 0-0: Swinging Strike
0-1: Ball
1-1: Ball
2-1: Swinging Strike
2-2: Strikes out looking
Batting: LHB Ivan Santana 0-0: Called Strike
0-1: Fly out, F9 (Flyball, 89M, EV 80.6 MPH)
Batting: RHB Andy Pyszka 0-0: Ball
1-0: Ball
2-0: Foul Ball, location: 9LDF
2-1: Called Strike
2-2: Foul Ball, location: 7LDF
2-2: Ball
3-2: Base on Balls
Batting: RHB Zach Frederick 0-0: Foul Ball, location: 9LDF
0-1: Called Strike
0-2: Ball
1-2: Foul Ball, location: 3SF
1-2: Ground out 6-3 (Groundball, 6M, EV 101.9 MPH)
Top of the 3rd over - 1 run, 1 hit, 0 errors, 1 left on base; Charlotte 5 - Bradenton 0
BOTTOM OF THE 3RD
Bradenton Marauders batting - Pitching for Charlotte Stone Crabs : RHP Andy Losinski
Batting: RHB Gabriel Torres 0-0: Called Strike
0-1: Ball
1-1: Ball
2-1: Foul Ball, location: 2F
2-2: Strikes out swinging
Batting: RHB Nick Pieper 0-0: Foul Ball, location: 23F
0-1: Ball
1-1: Foul Ball, location: 2RF
1-2: Strikes out swinging
Batting: RHB Mike Sanderson 0-0: Ball
1-0: Ball
2-0: Ball
3-0: Called Strike
3-1: Fly out, F8 (Flyball, 8RM, EV 88.8 MPH)
Bottom of the 3rd over - 0 runs, 0 hits, 0 errors, 0 left on base; Charlotte 5 - Bradenton 0
TOP OF THE 4TH
Charlotte Stone Crabs batting - Pitching for Bradenton Marauders : RHP Manny Rangel
Batting: RHB Juan Parga 0-0: Fly out, F8 (Flyball, 78M, EV 90.6 MPH)
Batting: LHB Ryan Gutierrez 0-0: Ball
1-0: Foul Ball, location: 2F
1-1: Foul Ball, location: 2F
1-2: Foul Ball, location: 2RF
1-2: Ball
2-2: Ball
3-2: SINGLE (Line Drive, 7LS, EV 90.0 MPH)
Batting: RHB Mike Woods 0-0: Swinging Strike
0-1: Foul Ball, location: 25FF
0-2: Strikes out swinging
Batting: LHB Matt Flagg 0-0: Ball
1-0: Fly out, F7 (Flyball, 78S, EV 89.4 MPH)
Top of the 4th over - 0 runs, 1 hit, 0 errors, 1 left on base; Charlotte 5 - Bradenton 0
BOTTOM OF THE 4TH
Bradenton Marauders batting - Pitching for Charlotte Stone Crabs : RHP Andy Losinski
Batting: SHB Tom Marks 0-0: Ball
1-0: Ball
2-0: Ball
3-0: Base on Balls
Batting: RHB Alex Cabrera 0-0: Fly out, F9 (Flyball, 89M, EV 89.4 MPH)
Batting: RHB Justin Anselmi 0-0: Ball
1-0: Foul Ball, location: 2F
1-1: Foul Ball, location: 2F
1-2: Foul Ball, location: 9LMF
1-2: Ball
2-2: Ball
3-2: Strikes out looking
Batting: RHB Mike Clinton 0-0: Called Strike
Tom Marks steals 2nd base (no throw)
0-1: Ball
1-1: Fly out, F7 (Flyball, 78D, EV 110.0 MPH)
Bottom of the 4th over - 0 runs, 0 hits, 0 errors, 1 left on base; Charlotte 5 - Bradenton 0
TOP OF THE 5TH
Charlotte Stone Crabs batting - Pitching for Bradenton Marauders : RHP Manny Rangel
Batting: RHB Jeff Rock 0-0: Fly out, F7 (Line Drive, 78M, EV 88.8 MPH)
Batting: LHB Paul Haynes 0-0: Swinging Strike
0-1: Ball
1-1: Ball
2-1: Ball
3-1: Called Strike
3-2: Foul Ball, location: 2F
3-2: Fly out, F9 (Flyball, 89M, EV 94.4 MPH)
Batting: LHB Ivan Santana 0-0: Ball
1-0: Called Strike
1-1: Foul Ball, location: 7LMF
1-2: Ball
2-2: Foul Ball, location: 5F
2-2: Fly out, F7 (Flyball, 78M, EV 93.1 MPH)
Top of the 5th over - 0 runs, 0 hits, 0 errors, 0 left on base; Charlotte 5 - Bradenton 0
BOTTOM OF THE 5TH
Bradenton Marauders batting - Pitching for Charlotte Stone Crabs : RHP Andy Losinski
Batting: RHB John Sexton 0-0: Ground out 5-3 (Groundball, 5, EV 98.8 MPH)
Batting: RHB Matt Stuart 0-0: Foul Ball, location: 2F
0-1: Ball
1-1: Called Strike
1-2: Strikes out looking
Batting: RHB Gabriel Torres 0-0: Ball
1-0: Fly out, F8 (Flyball, 8LD, EV 96.3 MPH)
Bottom of the 5th over - 0 runs, 0 hits, 0 errors, 0 left on base; Charlotte 5 - Bradenton 0
TOP OF THE 6TH
Charlotte Stone Crabs batting - Pitching for Bradenton Marauders : RHP Manny Rangel
Batting: RHB Andy Pyszka 0-0: Called Strike
0-1: Ball
1-1: DOUBLE (Flyball, 8RXD, EV 94.4 MPH)
Pitching: LHP Chris Stagg
Batting: RHB Zach Frederick 0-0: Called Strike
0-1: Foul Ball, location: 2F
0-2: Strikes out swinging
Batting: RHB Juan Parga 0-0: Ball
1-0: Called Strike
1-1: Foul Ball, location: 2F
1-2: Ball
2-2: Strikes out swinging
Batting: LHB Ryan Gutierrez 0-0: Called Strike
0-1: Ball
1-1: Fly out, F8 (Line Drive, 8LD, EV 87.5 MPH)
Top of the 6th over - 0 runs, 1 hit, 0 errors, 1 left on base; Charlotte 5 - Bradenton 0
BOTTOM OF THE 6TH
Bradenton Marauders batting - Pitching for Charlotte Stone Crabs : RHP Andy Losinski
Batting: RHB Nick Pieper 0-0: Swinging Strike
0-1: Foul Ball, location: 3F
0-2: Foul Ball, location: 2F
0-2: Fly out, F3 (Popup, 3S, EV 83.8 MPH)
Batting: RHB Mike Sanderson 0-0: Ball
1-0: Called Strike
1-1: Ball
2-1: Called Strike
2-2: Ball
3-2: Strikes out swinging
Batting: SHB Tom Marks 0-0: Foul Ball, location: 2F
0-1: Foul Ball, location: 2F
0-2: Strikes out swinging
Bottom of the 6th over - 0 runs, 0 hits, 0 errors, 0 left on base; Charlotte 5 - Bradenton 0
TOP OF THE 7TH
Charlotte Stone Crabs batting - Pitching for Bradenton Marauders : LHP Chris Stagg
Batting: RHB Mike Woods 0-0: Swinging Strike
0-1: Ball
1-1: Foul Ball, location: 5DF
1-2: Ball
2-2: Strikes out swinging
Batting: LHB Matt Flagg 0-0: Ball
1-0: Swinging Strike
1-1: DOUBLE (Line Drive, 78D, EV 106.9 MPH)
Batting: RHB Jeff Rock 0-0: Ball
1-0: Ball
2-0: Foul Ball, location: 3FF
2-1: Ball
3-1: Base on Balls
Batting: LHB Paul Haynes 0-0: Called Strike
0-1: Foul Ball, location: 7LMF
0-2: Ball
1-2: Ball
2-2: Ball
3-2: Strikes out swinging
Batting: LHB Ivan Santana 0-0: Ball
1-0: Called Strike
1-1: Swinging Strike
1-2: SINGLE (Line Drive, 9S, EV 105.6 MPH)
Matt Flagg to third
Jeff Rock to second
Runner from 3rd tries for Home, SAFE, throw by RF to home
Batting: RHB Andy Pyszka 0-0: Called Strike
0-1: Ball
1-1: Called Strike
1-2: Foul Ball, location: 2F
1-2: Strikes out swinging
Top of the 7th over - 1 run, 2 hits, 0 errors, 2 left on base; Charlotte 6 - Bradenton 0
BOTTOM OF THE 7TH
Bradenton Marauders batting - Pitching for Charlotte Stone Crabs : RHP Andy Losinski
Pinch Hitting: RHB Mike Mays 0-0: Ball
1-0: Foul Ball, location: 9LDF
1-1: Ball
2-1: Ball
3-1: Swinging Strike
3-2: Foul Ball, location: 2F
3-2: Foul Ball, location: 9LMF
3-2: Ground out 6-3 (Groundball, 6, EV 101.3 MPH)
Pinch Hitting: RHB Noel Jacobs 0-0: Swinging Strike
0-1: Foul Ball, location: 9LSF
0-2: Ball
1-2: Foul Ball, location: 9LDF
1-2: Strikes out looking
Batting: RHB Mike Clinton 0-0: Ball
1-0: Fly out, F7 (Flyball, 7S, EV 88.1 MPH)
Bottom of the 7th over - 0 runs, 0 hits, 0 errors, 0 left on base; Charlotte 6 - Bradenton 0
TOP OF THE 8TH
Charlotte Stone Crabs batting - Pitching for Bradenton Marauders : LHP Chris Stagg
Now at 3B: Mike Mays
Now in RF: Noel Jacobs
Batting: RHB Zach Frederick 0-0: Ball
1-0: Swinging Strike
1-1: Foul Ball, location: 2F
1-2: Strikes out looking
Batting: RHB Juan Parga 0-0: Called Strike
0-1: Ball
1-1: Swinging Strike
1-2: SOLO HOME RUN (Line Drive, 7D, EV 98.1 MPH), Distance : 363 ft
Batting: LHB Ryan Gutierrez 0-0: Ball
1-0: Ball
2-0: Ball
3-0: Called Strike
3-1: Ground out 6-3 (Groundball, 6MS, EV 87.5 MPH)
Batting: RHB Mike Woods 0-0: Ball
1-0: Fly out, F8 (Flyball, 8RD, EV 106.9 MPH)
Top of the 8th over - 1 run, 1 hit, 0 errors, 0 left on base; Charlotte 7 - Bradenton 0
BOTTOM OF THE 8TH
Bradenton Marauders batting - Pitching for Charlotte Stone Crabs : RHP Andy Losinski
Pitching: RHP Matt Kotansky
Batting: RHB John Sexton 0-0: Called Strike
0-1: Foul Ball, location: 5DF
0-2: Fly out, F8 (Flyball, 8RD, EV 110.6 MPH)
Batting: RHB Matt Stuart 0-0: Ball
1-0: Called Strike
1-1: Reached on error, E4 (Groundball, 4, EV 89.4 MPH)
Batting: RHB Gabriel Torres 0-0: Called Strike
0-1: Called Strike
0-2: Strikes out swinging
Pinch Hitting: LHB Robby Salinas 0-0: Called Strike
0-1: Ball
1-1: Foul Ball, location: 5FF
1-2: Foul Ball, location: 7LSF
1-2: Ball
2-2: Foul Ball, location: 25F
2-2: Strikes out swinging
Bottom of the 8th over - 0 runs, 0 hits, 1 error, 1 left on base; Charlotte 7 - Bradenton 0
TOP OF THE 9TH
Charlotte Stone Crabs batting - Pitching for Bradenton Marauders : LHP Chris Stagg
Now at 1B: Noel Jacobs
Now in LF: Robby Salinas
Now in RF: Mike Sanderson
Batting: LHB Matt Flagg 0-0: Called Strike
0-1: Ball
1-1: Foul Ball, location: 2F
1-2: Ball
2-2: SINGLE (Flyball, 78S, EV 91.3 MPH)
Pitching: LHP Nate Lott
Batting: RHB Jeff Rock 0-0: Swinging Strike
0-1: Foul Ball, location: 5F
0-2: Ball
1-2: Grounds into double play, 5-4-3 (Groundball, 5, EV 78.8 MPH)
Batting: LHB Paul Haynes 0-0: Foul Ball, location: 2F
0-1: Foul Ball, location: 2F
0-2: Foul Ball, location: 2F
0-2: Fly out, F9 (Flyball, 89S, EV 98.1 MPH)
Top of the 9th over - 0 runs, 1 hit, 0 errors, 0 left on base; Charlotte 7 - Bradenton 0
BOTTOM OF THE 9TH
Bradenton Marauders batting - Pitching for Charlotte Stone Crabs : RHP Matt Kotansky
Batting: RHB Mike Sanderson 0-0: SINGLE (Groundball, 25, EV 71.9 MPH) (infield hit)
Pinch Hitting: RHB Sean Malone 0-0: Ball
1-0: Called Strike
1-1: Ball
2-1: Foul Ball, location: 23FF
2-2: Foul Ball, location: 9LSF
2-2: Ball
3-2: Foul Ball, location: 2F
3-2: Strikes out swinging
Batting: RHB Mike Mays 0-0: Foul Ball, location: 9LSF
0-1: Called Strike
0-2: Strikes out swinging
Batting: RHB Noel Jacobs 0-0: Ball
1-0: Fly out, F8 (Flyball, 8LM, EV 86.9 MPH)
Bottom of the 9th over - 0 runs, 1 hit, 0 errors, 1 left on base; Charlotte 7 - Bradenton 0
Tuesday, April 9th , 2024 - OOTP Baseball 24.11 Build 85